 Dungeon Crawl Stone Soup version 0.22.1-2-g9c5b331 (webtiles) character file.

29 WarriorsX the Chiller (level 3, 0/26 HPs)
             Began as a Draconian Ice Elementalist on Dec 28, 2018.
             Slain by a sky beast (5 damage)
             ... on level 1 of the Dungeon.
             The game lasted 00:02:12 (1026 turns).

WarriorsX the Chiller (Draconian Ice Elementalist)  Turns: 1026, Time: 00:02:12

Health: 0/26       AC:  5    Str: 10    XL:     3   Next: 1%
Magic:  1/6        EV: 12    Int: 16    God:
Gold:   71         SH:  0    Dex: 11    Spells: 5/6 levels left

rFire    . . .     SeeInvis .   (no weapon)
rCold    . . .     Gourm    .   (no shield)
rNeg     . . .     Faith    .   (armour unavailable)
rPois    .         Spirit   .   (helmet restricted)
rElec    .         Reflect  .   (no cloak)
rCorr    .         Harm     .   (no gloves)
MR       .....                  (no boots)
Stlth    ++........             (no amulet)
HPRegen  0.08/turn              (no ring)
MPRegen  0.10/turn              (no ring)

@: no status effects
A: unfitting armour, cold-blooded, AC +5
a: no special abilities


You were on level 1 of the Dungeon.
You were hungry.

You visited 1 branch of the dungeon, and saw 2 of its levels.

You collected 71 gold pieces.

Inventory:

Scrolls
 e - a scroll of remove curse {unknown}
 f - a scroll of identify {unknown}
Potions
 a - a potion of heal wounds {unknown}
 c - a potion of magic {unknown}
 d - a potion of curing {unknown}
Comestibles
 b - 2 rations


   Skills:
 - Level 1.7 Dodging
 - Level 1.7 Stealth
 - Level 2.0 Spellcasting
   Level 1.0 Conjurations
 + Level 4.2 Ice Magic


You had 5 spell levels left.
You knew the following spells:

 Your Spells              Type           Power        Failure   Level  Hunger
a - Freeze                Ice            ###.         3%          1    #......

Your spell library contained the following spells:

 Spells                   Type           Power        Failure   Level  Hunger
 Throw Frost              Conj/Ice       ##....       11%         2    ###....
 Ozocubu's Armour         Chrm/Ice       #.......     26%         3    ###....
 Throw Icicle             Conj/Ice       ##......     56%         4    #####..
 Summon Ice Beast         Ice/Summ       #.......     65%         4    #####..


Dungeon Overview and Level Annotations

Branches:
Dungeon (2/15)

Altars:


Innate Abilities, Weirdness & Mutations

Your plain brown scales are hard. (AC +5)
You cannot fit into any form of body armour.
You are cold-blooded and may be slowed by cold attacks.


Message History

The sky beast barely misses you.
Casting: Freeze (safe; 3% risk of failure)
Confirm with . or Enter, or press ? or * to list all spells.
Aiming: Freeze (safe; 3% risk of failure)
Press: ? - help, Shift-Dir - straight line, f/p - sky beast
Aim: a sky beast (moderately wounded)
You freeze the sky beast.
The sky beast is moderately wounded.
The sky beast closely misses you.
Casting: Freeze (safe; 3% risk of failure)
Confirm with . or Enter, or press ? or * to list all spells.
Aiming: Freeze (safe; 3% risk of failure)
Press: ? - help, Shift-Dir - straight line, f/p - sky beast
Aim: a sky beast (moderately wounded)
You freeze the sky beast.
The sky beast is heavily wounded.
The sky beast hits you.
* * * LOW HITPOINT WARNING * * *
The sky beast shocks you.
You die...

#.#.#.#.#.#.#.# #(#.#.#
#'#'#'#'#'#'#'# #.....#
####.#.#.#.#.#.#.####(#.#.#
#.'.......<.......'.#(#(#.#
####.#.#.#.#.#.#.####>(...#
#'#'#'#'#'#'#'# ###.#.#
#†#.#.#.#.#.#†# ###.#.#
#######.##########...#.#
#..@Y...≈...[###.#
############## ###


You could see a sky beast.

Vanquished Creatures
  An ooze (D:1)
  A dart slug (D:1)
  3 giant cockroaches (D:1)
  3 hobgoblins (D:1)
  2 bats (D:1)
  3 frilled lizards (D:1)
  A goblin (D:1)
  6 kobolds (D:1)
  4 rats (D:1)
24 creatures vanquished.

Notes
Turn   | Place    | Note
-------+----------+-------------------------------------------
     0 | D:1      | WarriorsX the Draconian Ice Elementalist began the quest
                  | for the Orb.
     0 | D:1      | Reached XP level 1. HP: 14/14 MP: 3/3
   179 | D:1      | Reached XP level 2. HP: 11/20 MP: 1/5
   468 | D:1      | Reached skill level 4 in Ice Magic
   969 | D:2      | Noticed a sky beast
  1001 | D:1      | Reached XP level 3. HP: 5/26 MP: 1/6
  1026 | D:1      | Slain by a sky beast

Skill      XL: |  1  2 |
---------------+-------+-----
Ice Magic      | 4 |  4.2
Dodging        | |  1.7
Stealth        | |  1.7
Spellcasting   | |  2.0
Conjurations   | |  1.0

Action                   || total
-------------------------++-------
Melee: Unarmed           ||    55
       Tailslap          ||     4
 Cast: Freeze            ||    32
 Stab: Sleeping          ||     4
Armor: Skin              ||    33
Dodge: Dodged            ||   115
